 Dungeon Crawl Stone Soup version 0.19.1 (webtiles) character file.

221 w00t the Caller (level 5, -1/38 HPs)
             Began as a Hill Orc Summoner on Dec 25, 2016.
             Was an Initiate of Beogh.
             Slain by an orc
             ... wielding a +2 morningstar of crushing
              (3 damage)
             ... on level 3 of the Dungeon.
             The game lasted 00:10:33 (3354 turns).

w00t the Caller (Hill Orc Summoner)                 Turns: 3354, Time: 00:10:33

Health: -1/38      AC:  7    Str: 11    XL:     5   Next: 98%
Magic:  16/16      EV: 11    Int: 16    God:    Beogh [......]
Gold:   136        SH:  0    Dex: 11    Spells: 3 memorised, 1 level left

rFire  . . .     SeeInvis .     e - +2 hand axe (freeze)
rCold  . . .     Gourm    .     l - +0 leather armour
rNeg   . . .     Faith    .     (no shield)
rPois  .         Spirit   .     d - +0 helmet
rElec  .         Reflect  .     (no cloak)
rCorr  .         Harm     .     (no gloves)
MR     .....                    D - +2 pair of boots
Stlth  +.........               (no amulet)
                                (no ring)
                                E - ring of magical power

@: no status effects
A: no striking features
a: Renounce Religion


You were on level 3 of the Dungeon.
You worshipped Beogh.
Beogh was noncommittal.
You were not hungry.

You visited 1 branch of the dungeon, and saw 4 of its levels.
You also visited: Sewer.

You collected 136 gold pieces.

Inventory:

Hand Weapons
 e - a +2 hand axe of freezing (weapon)
 v - a +0 short sword of speed
 y - a +0 blowgun
 F - a +2 dagger of flaming
Missiles
 g - 57 stones (quivered)
 z - 21 poisoned needles
Armour
 d - a +0 helmet (worn)
 l - a +0 leather armour (worn)
 D - a +2 pair of boots (worn)
Rods
 n - a +1 lightning rod (9/9)
   (You found it on level 2 of the Dungeon)
Jewellery
 E - a ring of magical power (left hand)
Scrolls
 a - a scroll of enchant weapon {unknown}
 h - a scroll of blinking
 j - a scroll of amnesia {unknown}
 o - 3 scrolls of noise {unknown}
 p - 3 scrolls of remove curse {unknown}
 q - a scroll of recharging {unknown}
 w - a scroll of fog {unknown}
 C - 2 scrolls of teleportation
 G - a scroll of magic mapping
Potions
 f - 3 potions of heal wounds {unknown}
 i - 7 potions of curing
 m - 3 potions of might {unknown}
 s - 2 potions of magic {unknown}
 t - 3 potions of flight {unknown}
 u - a potion of brilliance {unknown}
 x - a potion of agility {unknown}
 B - a potion of degeneration {unknown}
Books
 b - a book of Callings

   Spells                             Type                      Level
   a - Summon Small Mammal            Summoning                    1
   b - Call Imp                       Summoning                    2
   c - Call Canine Familiar           Summoning                    3
   d - Summon Guardian Golem          Hexes/Summoning              3
   e - Summon Lightning Spire         Summoning/Air                4
   f - Summon Ice Beast               Ice/Summoning                4
Comestibles
 c - 5 bread rations
 k - a beef jerky
 r - a meat ration
 A - a slice of pizza


   Skills:
 - Level 1.7 Dodging
 - Level 1.5 Stealth
 - Level 0.7 Unarmed Combat
 - Level 1.5 Spellcasting
 + Level 6.8 Summonings


You had one spell level left.
You knew the following spells:

 Your Spells              Type           Power        Failure   Level  Hunger
a - Summon Small Mammal   Summ           ###.         1%          1    ##.....
b - Call Imp              Summ           ###.....     2%          2    ###....
c - Call Canine Familiar  Summ           ###.....     6%          3    ####...


Dungeon Overview and Level Annotations

Branches:
Dungeon (4/15)
 Temple: D:4-7

Altars:
Elyvilon
Yredelemnul


Message History

The orc wizard casts a spell.
The orc wizard seems to speed up.
The orc closely misses you.
You climb upwards.
There is a stone staircase leading down here.
You barely miss the orc wizard. You barely miss the orc.
The orc wizard hits you but does no damage.
The orc hits you but does no damage.
The orc wizard hits you but does no damage.
You hit the orc wizard. You freeze the orc wizard.
The orc wizard is heavily wounded.
You barely miss the orc.
The orc hits you with a morningstar of crushing.
* * * LOW HITPOINT WARNING * * *
The orc wizard gestures at you while chanting.
The magic dart hits you!
* * * LOW HITPOINT WARNING * * *
It was a potion of curing.
You feel better.
The orc hits you with a morningstar of crushing!
* * * LOW HITPOINT WARNING * * *
You die...

.#...##.#######
..รท...........############
.#...##..................# ######
....#########.####.##.##.# #.....
###.# #.# #.##.##.###.#### #.#
#.####.##.##.##...... #.#
#......#.#.#.##..#### #.#
#######.#.#.......... #.#
#..o@o.#.#.#..#..#### #.#
#.#####.#.#.#.#..# #.# #.#
##.#.##.#..# #.# ##.##
##.###.#..#### ###.#
####...######.###.#...... .)..#
#..............##.#.#####
##..#####.##...######..##.#.##
##[.......###.## #..##.#..# #
....#########.#######..##.##.####


You could see an orc wizard and an orc.

Vanquished Creatures
  Jessica (D:3)
  10 adders
  A river rat (Sewer)
  A dart slug (D:3)
  12 orcs
  4 ball pythons
  6 goblins
  A hobgoblin (D:1)
  4 jackals (D:2)
  23 kobolds
  A quokka (D:2)
  2 bats
  2 frilled lizards
  A quokka skeleton (D:3)
  29 rats
98 creatures vanquished.

Vanquished Creatures (others)
  An orc wizard (D:3)
1 creature vanquished.

Grand Total: 99 creatures vanquished

Notes
Turn   | Place    | Note
-------+----------+-------------------------------------------
     0 | D:1      | w00t the Hill Orc Summoner began the quest for the Orb.
     0 | D:1      | Reached XP level 1. HP: 14/14 MP: 3/3
   703 | D:1      | Reached XP level 2. HP: 20/20 MP: 4/4
   959 | D:2      | Found a white marble altar of Elyvilon.
  1068 | D:2      | Reached XP level 3. HP: 21/26 MP: 5/5
  1289 | D:2      | Reached skill level 5 in Summonings
  1300 | D:2      | Reached XP level 4. HP: 33/33 MP: 6/6
  1480 | D:3      | Found a glowing drain.
  1489 | Sewer    | Entered a sewer
  1795 | Sewer    | Reached XP level 5. HP: 37/38 MP: 7/7
  1823 | Sewer    | Reached skill level 6 in Summonings
  2331 | Sewer    | Learned a level 2 spell: Call Imp
  2335 | Sewer    | Learned a level 3 spell: Call Canine Familiar
  2363 | D:3      | Became a worshipper of Beogh the Brigand
  2437 | D:3      | Noticed Jessica
  2461 | D:3      | Killed Jessica
  2702 | D:3      | Found a basalt altar of Yredelemnul.
  3354 | D:3      | Slain by an orc

Skill      XL: |  1  2  3  4  5 |
---------------+----------------+-----
Summonings     | 5 6 |  6.8
Dodging        | |  1.7
Stealth        | |  1.5
Unarmed Combat | |  0.7
Spellcasting   | |  1.5

Action                   |  1- 3 |  4- 6 || total
-------------------------+-------+-------++-------
Melee: Unarmed           |    21 |       ||    21
       Hand axe          |    62 |   171 ||   233
 Cast: Summon Small Mamm |       |     1 ||     1
Invok: Convert to Beogh  |       |     1 ||     1
  Use: Scroll            |     4 |       ||     4
       Potion            |       |     1 ||     1
 Stab: Sleeping          |     1 |       ||     1
  Eat: Chunk             |     1 |     3 ||     4
       Meat ration       |       |     1 ||     1
Armor: Robe              |    21 |       ||    21
       Leather armour    |     3 |    67 ||    70
Dodge: Dodged            |    48 |   115 ||   163
